 Dungeon Crawl Stone Soup version 0.20.1-1-g8b1a95d (webtiles) character file.

5943 Mesmaeker13 the Fighter (level 10, -5/90 HPs)
             Began as a Grey Draconian Skald on Sept 4, 2017.
             Was an Initiate of Ashenzari.
             Killed from afar by a balrug (31 damage)
             ... with a bolt of fire
             ... on level 1 of the Abyss.
             The game lasted 00:26:20 (9367 turns).

Mesmaeker13 the Fighter (Grey Draconian Skald)      Turns: 9367, Time: 00:26:21

Health: -5/90      AC: 12    Str: 15    XL:     10   Next: 54%
Magic:  9/13       EV: 15    Int: 15    God:    Ashenzari [......]
Gold:   459        SH:  0    Dex: 11    Spells: 4/13 levels left

rFire    . . .     SeeInvis .   D - +0 whip (elec)
rCold    . . .     Gourm    .   (no shield)
rNeg     . . .     Faith    .   (armour unavailable)
rPois    .         Spirit   .   (helmet restricted)
rElec    .         Reflect  .   (no cloak)
rCorr    +         Harm     .   (no gloves)
MR       .....                  (no boots)
Stlth    +.........             n - amulet of regeneration (curse)
Regen    0.7/turn               M - ring of resist corrosion (curse)
MPRegen  0.2/turn               (no ring)

@: about to teleport
A: walk through water, unfitting armour, blurry vision 1, unbreathing,
cold-blooded, AC +12
a: Curse Item, Renounce Religion


You were on level 1 of the Abyss.
You worshipped Ashenzari.
Ashenzari was noncommittal.
You were not hungry.

You visited 2 branches of the dungeon, and saw 9 of its levels.
You visited the Abyss 1 time.
You also visited: Ossuary.

You collected 459 gold pieces.

Inventory:

Hand Weapons
 a - a +0 blowgun
 v - a +2 mace of protection
 D - a +0 whip of electrocution (weapon)
 F - a +1 whip of flaming
Missiles
 h - 5 javelins
 w - 48 poisoned needles
 L - a throwing net (quivered)
Jewellery
 n - a cursed amulet of regeneration (around neck)
 M - a cursed ring of resist corrosion (left hand)
Wands
 s - a wand of paralysis (10/24)
 t - a wand of digging (5/24)
 A - a wand of digging (15/24)
 H - a wand of clouds (1/9)
Scrolls
 d - 5 scrolls of remove curse
 i - 5 scrolls of enchant weapon
 k - 3 scrolls of magic mapping
 o - a scroll of recharging {unknown}
 y - a scroll of enchant armour
 C - 2 scrolls of amnesia
 G - 2 scrolls of immolation {unknown}
 J - 2 scrolls of noise
 O - a scroll of summoning {unknown}
Potions
 e - a potion of curing {unknown}
 g - 3 potions of haste
 p - 2 potions of heal wounds
 r - 2 potions of might
 u - 5 potions of brilliance
 x - a potion of ambrosia {unknown}
 z - 3 potions of mutation {unknown}
 B - 3 potions of flight
 N - 2 potions of invisibility {unknown}
 P - a potion of magic {unknown}
 Q - a potion of lignification {unknown}
Books
 b - a book of Battle

   Spells                             Type                      Level
   a - Infusion                       Charms                       1
   b - Shroud of Golubria             Charms/Translocation         2
   c - Song of Slaying                Charms                       2
   d - Spectral Weapon                Hexes/Charms                 3
   e - Regeneration                   Charms/Necromancy            3
 j - a book of Minor Magic

   Spells                             Type                      Level
   a - Magic Dart                     Conjuration                  1
   b - Blink                          Translocation                2
   c - Call Imp                       Summoning                    2
   d - Slow                           Hexes                        2
   e - Conjure Flame                  Conjuration/Fire             3
   f - Mephitic Cloud                 Conjuration/Poison/Air       3
 I - a book of Flames

   Spells                             Type                      Level
   a - Flame Tongue                   Conjuration/Fire             1
   b - Throw Flame                    Conjuration/Fire             2
   c - Conjure Flame                  Conjuration/Fire             3
   d - Inner Flame                    Hexes/Fire                   3
   e - Sticky Flame                   Conjuration/Fire             4
   f - Fireball                       Conjuration/Fire             5
 K - a book of Power

   Spells                             Type                      Level
   a - Iskenderun's Battlesphere      Conjuration/Charms           5
   b - Venom Bolt                     Conjuration/Poison           5
   c - Bolt of Magma                  Conjuration/Fire/Earth       5
   d - Iron Shot                      Conjuration/Earth            6
   e - Orb of Destruction             Conjuration                  7
   f - Spellforged Servitor           Conjuration/Summoning        7
Comestibles
 c - 12 bread rations
 f - 2 royal jellies
 E - 3 fruits


   Skills:
 + Level 8.4 Fighting
 + Level 7.3 Maces & Flails
 + Level 6.8 Dodging
 - Level 2.0 Spellcasting
 + Level 4.3 Hexes
 + Level 7.2 Charms
 - Level 3.0 Necromancy
 - Level 3.0 Translocations


You had 4 spell levels left.
You knew the following spells:

 Your Spells              Type           Power        Failure   Level  Hunger
a - Infusion              Chrm           ###.         1%          1    #......
b - Shroud of Golubria    Chrm/Tloc      ###.......   4%          2    ###....
c - Regeneration          Chrm/Necr      ###.......   9%          3    ###....
d - Spectral Weapon       Hex/Chrm       ###.....     6%          3    ###....


Dungeon Overview and Level Annotations

Branches:
Dungeon (8/15)             Temple (1/1) D:7
   Lair: D:8-11

Altars:
Ashenzari
Cheibriados
Dithmenos
Elyvilon
Fedhas
Gozag
Hepliaklqana
Kikubaaqudgha
Makhleb
Nemelex Xobeh
Okawaru
Qazlal
Ru
Sif Muna
Trog
Uskayaw
Vehumet
Xom
Yredelemnul
Zin
The Shining One

Shops:
D:7 }

Annotations:
D:5 galech's ghost, novice TrMo


Innate Abilities, Weirdness & Mutations

You can walk through water.
Your dull iron-grey scales are very hard. (AC +12)
You cannot fit into any form of body armour.
You can survive without breathing.
You are cold-blooded and may be slowed by cold attacks.
Scrolls take you a little longer to read.


Message History

A large abomination comes into view.
A smoke demon comes into view.
An iron imp comes into view.
The iron imp shouts, "Return whence thou came, thou odious hasty-witted joithead!"
The balrug shouts!
The balrug gestures at you. Something smites you!
Really read with blurry vision while enemies are nearby?
The balrug gestures at you. Something smites you!
You begin reading the scroll.
You continue reading the scroll.
The balrug gestures at you. The bolt of fire hits you!
* * * LOW HITPOINT WARNING * * *
As you read the scroll of teleportation, it crumbles to dust.
You feel strangely unstable.
You feel the power of the Abyss delaying your translocation!
The balrug gestures at you. The bolt of fire hits you!
You die...

.... ...# #####.
#### #### #5###
#..#.## ##.##.#
# #X##.# .#
#.##.# .#
#.##.#..#.#.
#####X##@....x..
#....X2..#.###..
#####.#### #
...ยง ###.## #.#
..# ###


You could see a balrug, a large abomination and a small abomination (wandering).

Vanquished Creatures
  Pikel (D:6)
  Joseph (D:7)
  A kobold demonologist (D:8)
  A troll (D:7)
  A hippogriff (D:7)
  A ynoxinul (Abyss:1)
  A spriggan (D:8)
  A wyvern (D:8)
  A steam dragon (D:6)
  Edmund (D:5)
  Duvessa (D:7)
  An orc warrior (D:5)
  2 sky beasts
  2 ice beasts
  2 slaves (D:6)
  4 ogres
  3 phantoms
  A centaur (D:6)
  10 big kobolds (D:8)
  4 bullfrogs
  A water moccasin zombie (D:7)
  Dowan (D:6)
  A wyvern skeleton (D:7)
  A scorpion (D:5)
  2 howler monkeys
  2 crimson imps
  2 human zombies (D:7)
  2 orc priests (D:8)
  A hound (D:4)
  9 orc wizards
  2 bullfrog skeletons (D:7)
  2 human skeletons (D:7)
  Jessica (D:3)
  Ijyb (D:3)
  Terence (D:2)
  An iguana (D:7)
  10 worker ants
  A hound zombie (Ossuary)
  4 mummies (Ossuary)
  Robin (D:2)
  2 howler monkey skeletons
  5 adders
  10 gnolls
  2 shadow imps (D:8)
  An ooze (D:8)
  An adder zombie (Ossuary)
  2 adder skeletons
  A worm (D:2)
  A dart slug (D:2)
  5 leopard geckos
  20 orcs
  4 giant cockroaches
  11 goblins
  10 hobgoblins
  10 jackals
  2 quokkas
  A ball python (D:5)
  2 bats
  4 frilled lizards
  2 goblin zombies (Ossuary)
  2 hobgoblin zombies (Ossuary)
  2 jackal zombies (Ossuary)
  12 kobolds
  2 kobold zombies (Ossuary)
  A leopard gecko skeleton (D:8)
  2 orc skeletons (D:7)
  6 rats
  2 rat zombies (Ossuary)
211 creatures vanquished.

Vanquished Creatures (others)
  A bullfrog skeleton (D:7)
  An adder (D:7)
  2 spectral weapons (D:5)
4 creatures vanquished.

Grand Total: 215 creatures vanquished

Notes
Turn   | Place    | Note
-------+----------+-------------------------------------------
     0 | D:1      | Mesmaeker13 the Draconian Skald began the quest for the Orb.
     0 | D:1      | Reached XP level 1. HP: 17/17 MP: 3/3
   196 | D:1      | Reached XP level 2. HP: 24/24 MP: 0/5
  1133 | D:1      | Learned a level 2 spell: Shroud of Golubria
  1236 | D:2      | Found a faded altar of an unknown god.
  1296 | D:2      | Noticed Robin
  1316 | D:2      | Killed Robin
  1316 | D:2      | Reached XP level 3. HP: 21/30 MP: 0/6
  1599 | D:2      | Reached XP level 4. HP: 33/37 MP: 0/7
  1750 | D:2      | Reached skill level 3 in Fighting
  2114 | D:2      | Noticed Terence
  2122 | D:2      | Killed Terence
  2483 | D:3      | Learned a level 3 spell: Regeneration
  2696 | D:3      | Found a shattered altar of Ashenzari.
  2857 | D:3      | Noticed Ijyb
  2859 | D:3      | Noticed Jessica
  2877 | D:3      | Killed Ijyb
  2877 | D:3      | Reached skill level 1 in Translocations
  2877 | D:3      | Reached XP level 5. HP: 45/45 MP: 2/8
  3034 | D:3      | Killed Jessica
  3892 | D:4      | Noticed a phantom
  3912 | D:4      | Killed a phantom
  3912 | D:4      | Reached XP level 6. HP: 48/52 MP: 4/9
  4112 | D:4      | Reached skill level 4 in Fighting
  4373 | D:4      | Your scales start taking on a dull iron-grey colour.
  4373 | D:4      | Reached XP level 7. HP: 59/59 MP: 4/10
  4373 | D:4      | Gained mutation: You can survive without breathing. [Grey Draconian growth]
  4718 | D:5      | Entered Level 5 of the Dungeon
  5009 | D:5      | Reached skill level 1 in Necromancy
  5075 | D:5      | Reached skill level 5 in Fighting
  5075 | D:5      | Reached XP level 8. HP: 35/68 MP: 2/11
  5266 | D:5      | Found a basalt altar of Yredelemnul.
  5269 | D:5      | Noticed Edmund
  5297 | D:5      | Killed Edmund
  5586 | D:5      | Noticed galech's ghost (novice TrMo)
  5627 | D:6      | Reached skill level 5 in Dodging
  5627 | D:6      | Reached skill level 5 in Charms
  5661 | D:6      | Reached skill level 5 in Maces & Flails
  5696 | D:6      | Learned a level 3 spell: Spectral Weapon
  5738 | D:6      | Reached skill level 6 in Fighting
  5935 | D:6      | Reached skill level 1 in Hexes
  6170 | D:7      | Noticed Duvessa
  6174 | D:7      | Noticed Dowan
  6175 | D:7      | Reached XP level 9. HP: 75/75 MP: 9/12
  6181 | D:7      | Killed Duvessa
  6192 | D:6      | Killed Dowan
  6369 | D:7      | Noticed Pikel
  6430 | D:6      | Killed Pikel
  6430 | D:6      | Reached skill level 7 in Fighting
  6440 | D:7      | Found Yzaplolli's Gadget Boutique.
  6448 | D:7      | Found a glowing golden altar of the Shining One.
  6449 | D:7      | Found a sacrificial altar of Ru.
  6449 | D:7      | Found an ancient bone altar of Kikubaaqudgha.
  6450 | D:7      | Found a sparkling altar of Nemelex Xobeh.
  6484 | D:7      | Noticed Joseph
  6503 | D:7      | Killed Joseph
  6613 | D:7      | Found a sand-covered staircase.
  6618 | Ossuary  | Entered an ossuary
  7195 | D:7      | Found a staircase to the Ecumenical Temple.
  7208 | Temple   | Entered the Ecumenical Temple
  7508 | D:3      | Became a worshipper of Ashenzari the Shackled
  7791 | D:7      | Reached XP level 10. HP: 88/88 MP: 13/13
  8128 | D:8      | Reached skill level 8 in Fighting
  8338 | D:8      | Gained mutation: Scrolls take you a little longer to read. [a neqoxec]
  8345 | D:8      | Noticed a sixfirhy
  8550 | D:8      | Noticed an orange demon
  8556 | D:8      | Noticed an orange demon
  9177 | D:8      | Found a shadowy altar of Dithmenos.
  9196 | D:8      | Cast into level 1 of the Abyss (orc warrior)
  9331 | Abyss:1  | Noticed a large abomination
  9336 | Abyss:1  | Noticed a smoke demon
  9361 | Abyss:1  | Noticed a balrug
  9367 | Abyss:1  | Killed from afar by a balrug

Skill      XL: |  1  2  3  4  5  6  7  8  9 10 |
---------------+-------------------------------+-----
Charms         | 3 4 5 6 7 |  7.2
Dodging        | 3 4 5 6 |  6.8
Fighting       | 3 4 5 6 7 8 |  8.4
Translocations | 1 2 3 |  3.0
Maces & Flails | 3 4 5 6 7 |  7.3
Necromancy     | 1 3 |  3.0
Hexes          | 1 3 4 |  4.3
Spellcasting   | |  2.0

Action                   |  1- 3 |  4- 6 |  7- 9 | 10-12 || total
-------------------------+-------+-------+-------+-------++-------
Melee: Mace              |    88 |   101 |       |       ||   189
       Tailslap          |    11 |    11 |    61 |    25 ||   108
       Whip              |       |    33 |   462 |   206 ||   701
Throw: Javelin           |     1 |     9 |     4 |       ||    14
       Throwing net      |     1 |       |       |       ||     1
 Cast: Infusion          |    10 |    12 |    20 |    13 ||    55
       Shroud of Golubri |     2 |    15 |    32 |    13 ||    62
       Regeneration      |       |       |     4 |     1 ||     5
       Spectral Weapon   |       |       |     3 |     7 ||    10
Invok: Curse Item        |       |       |     2 |       ||     2
Evoke: Wand              |       |     2 |     3 |       ||     5
  Use: Scroll            |     4 |     1 |    12 |     2 ||    19
       Potion            |       |       |     1 |       ||     1
 Stab: Sleeping          |       |     1 |       |       ||     1
       Distracted        |       |       |       |     1 ||     1
  Eat: Chunk             |     2 |    11 |    11 |     2 ||    26
       Fruit             |       |       |     2 |     2 ||     4
       Meat ration       |       |       |     1 |     1 ||     2
Armor: Skin              |    23 |    33 |   141 |    64 ||   261
Dodge: Dodged            |    64 |    71 |   311 |   128 ||   574
